 Dungeon Crawl Stone Soup version 0.28-a0-245-g639a1a48b9 (webtiles) character file.

Game seed: 12247873729831844923

2787 robertstho the Magician (level 10, -3/73 HPs)
             Began as a Djinni Fire Elementalist on Aug 24, 2021.
             Killed from afar by a frost-covered statue (12 damage)
             ... with a puff of frost
             ... on level 5 of the Dungeon.
             The game lasted 00:08:32 (7155 turns).

robertstho the Magician (Djinni Fire Elementalist)  Turns: 7155, Time: 00:08:32

Health: -3/73      AC:  3    Str:  7    XL:     10   Next: 1%
Gold:   126        EV: 14    Int: 21    God:
                   SH:  0    Dex: 13

rFire   + + +      SeeInvis .   q - +2 hand axe (freeze)
rCold   x . .      Faith    .   (no shield)
rNeg    . . .      Spirit   .   a - +0 robe
rPois   ∞          Reflect  .   (no helmet)
rElec   .          Harm     .   f - +0 cloak
rCorr   .          Rampage  .   (no gloves)
Will    +....                   (boots unavailable)
Stlth   +++.......              (no amulet)
HPRegen 0.22/turn               c - ring of protection from fire
MPRegen 0.00/turn               (no ring)

@: flying, very slightly contaminated, invisible
A: sickness immunity, fire resistance 2, cold vulnerability 1, float, innate
caster, hp casting, extra vitality 1
a: no special abilities


You were on level 5 of the Dungeon.
You visited 1 branch of the dungeon, and saw 5 of its levels.
You also visited: Sewer and Ossuary.

You collected 126 gold pieces.

Inventory:

Hand Weapons
 d - a +1 short sword of venom
 e - a +0 hand axe
 q - a +2 hand axe of freezing (weapon)
Armour
 a - a +0 robe (worn)
 f - a +0 cloak (worn)
Jewellery
 c - a ring of protection from fire (left hand)
Wands
 h - a wand of acid (7)
Scrolls
 i - a scroll of brand weapon {unknown}
 m - 2 scrolls of identify {unknown}
 n - 3 scrolls of teleportation
 p - a scroll of fog {unknown}
 r - a scroll of enchant weapon
 s - a scroll of immolation {unknown}
 t - a scroll of enchant armour {unknown}
 u - a scroll of torment {unknown}
Potions
 b - a potion of invisibility
 g - a potion of lignification {unknown}
 j - 3 potions of magic {unknown}
 k - 2 potions of curing {unknown}
 l - a potion of experience
 o - 2 potions of attraction {unknown}


   Skills:
 * Level 6.4 Fighting
 + Level 3.4(4.2) Short Blades
 + Level 3.4(4.1) Long Blades
 + Level 3.0(3.4) Axes
 + Level 2.2(3.0) Maces & Flails
 + Level 5.5 Armour
 + Level 6.9 Dodging
 + Level 4.3 Stealth
 + Level 3.9 Shields
 * Level 7.6 Spellcasting
 + Level 4.2 Evocations


You couldn't memorise any spells.
You knew the following spells:

 Your Spells              Type           Power      Damage    Failure   Level
a - Foxfire               Conj/Fire      100%       2x1d9     1%          1
b - Conjure Flame         Conj/Fire      39%        6-21      1%          3
c - Inner Flame           Hex/Fire       39%        N/A       1%          3
d - Sticky Flame          Conj/Fire      39%        2d6       3%          4
e - Fireball              Conj/Fire      19%        3d9       10%         5
f - Sting                 Tmut/Pois      100%       1d8       1%          1
g - Slow                  Hex            39%        N/A       1%          2
h - Stone Arrow           Conj/Erth      78%        3d11      1%          3
i - Call Canine Familiar  Summ           39%        N/A       1%          3
Your spell library was empty.

Dungeon Overview and Level Annotations

Branches:
Dungeon (5/15)              Sewer (visited)         Ossuary (visited)
 Temple: D:4-7

Altars:
Ashenzari
Vehumet

Annotations:
D:5 exclusion: statue


Innate Abilities, Weirdness & Mutations

You are immune to sickness and miasma.
You are immune to poison.
Your flesh is very heat resistant. (rF++)
You are vulnerable to cold. (rC-)
You float through the air rather than walking.
You learn spells naturally, not from books.
Your magical power is your life essence.
You have superior vitality. (+4 HP)


Message History

The frost-covered statue is severely damaged.
The frost-covered statue gestures at you.
The puff of frost hits you!
You feel a terrible chill!
* * * LOW HITPOINT WARNING * * *
It was a potion of invisibility.
You fade into invisibility!
You are very lightly contaminated with residual magic.
It was a potion of experience.
You feel more experienced!
Your Fighting skill gained 3 levels and is now at level 5!
Your base Short Blades skill gained 2 levels and is now at level 2!
Your base Long Blades skill gained 2 levels and is now at level 2!
Your Axes skill gained 2 levels and is now at level 2!
Your Maces & Flails skill gained 2 levels and is now at level 2!
Your Armour skill gained 4 levels and is now at level 4!
Your Dodging skill gained 3 levels and is now at level 5!
Your Stealth skill increases to level 3!
Your Shields skill gained 3 levels and is now at level 3!
Your Spellcasting skill gained 2 levels and is now at level 7!
Your Evocations skill gained 3 levels and is now at level 3!
You have reached level 9!
Your experience leads to an increase in your attributes!
Increase (S)trength, (I)ntelligence, or (D)exterity?
You feel clever.
The power to cast Call Canine Familiar wells up from within.
Spell assigned to 'i'.
The frost-covered statue gestures at you.
The puff of frost misses you.
You feel more experienced!
Your Fighting skill increases to level 6!
Your base Short Blades skill increases to level 3!
Your base Long Blades skill increases to level 3!
Your Axes skill increases to level 3!
Your Armour skill increases to level 5!
Your Dodging skill increases to level 6!
Your Stealth skill increases to level 4!
Your Evocations skill increases to level 4!
You have reached level 10!
The frost-covered statue gestures at you.
The puff of frost hits you!
You feel a terrible chill!
You die...

###.# # #### ### ##...## # ###
##..## #.# #)...(# ### ##.##
#>...###:## ##.....#####..
#..§###.....#...####....##..#....
....v.......................#....
.....§.....#########...##......#.
.....###...#.......#..###.##..##.
..............._@8.#..###........
...........#.......#...#....#..#.
...........#########..###>######.
....§§.................#..######.
#...#§.§§....#.............#..##.
#.........####..........#......#.
..........# ##.......####.##.....
#.........# #........# #.##.....
.........####........# ##.#...##.


You could see a frost-covered statue.

Vanquished Creatures
  An ice beast (D:5)
  2 ogres
  A scorpion (D:5)
  2 howler monkeys
  A centaur zombie (D:5)
  A bullfrog zombie (Ossuary)
  A hound (D:4)
  A jelly (D:5)
  2 hound skeletons (D:4)
  A mummy (D:5)
  6 adders
  3 dart slugs
  6 orcs
  10 ball pythons
  12 endoplasms
  4 giant cockroaches
  4 goblins
  5 hobgoblins
  10 jackals
  8 bats
  6 frilled lizards
  A hobgoblin zombie (D:5)
  11 kobolds
  An orc zombie (D:5)
  4 rats
104 creatures vanquished.

Vanquished Creatures (collateral kills)
  4 foxfires (Sewer)
4 creatures vanquished.

Vanquished Creatures (others)
  486 foxfires
  7 plants (Sewer)
  6 withered plants (Ossuary)
499 creatures vanquished.

Grand Total: 607 creatures vanquished

Notes
Turn   | Place    | Note
-------+----------+-------------------------------------------
     0 | D:1      | robertstho the Djinni Fire Elementalist began the quest for
                  | the Orb.
     0 | D:1      | Reached XP level 1. HP: 15/15 MP: 0/0
   385 | D:1      | Reached XP level 2. HP: 17/22 MP: 0/0
   940 | D:2      | Reached XP level 3. HP: 12/26 MP: 0/0
   940 | D:2      | Learned a level 1 spell: Sting
  1172 | D:2      | Reached skill level 3 in Spellcasting
  1617 | D:2      | Reached skill level 1 in Fighting
  1884 | D:2      | You are sucked into a shaft and drop 2 floors!
  1904 | D:4      | Reached XP level 4. HP: 24/32 MP: 0/0
  2191 | D:3      | Reached XP level 5. HP: 13/37 MP: 0/0
  2191 | D:3      | Learned a level 2 spell: Slow
  2344 | D:3      | Found a glowing drain.
  2360 | Sewer    | Entered a sewer
  2977 | Sewer    | Reached skill level 4 in Spellcasting
  4666 | D:4      | Reached XP level 6. HP: 33/43 MP: 0/0
  5704 | D:4      | Noticed an ogre
  5715 | D:4      | Killed an ogre
  6255 | D:5      | Entered Level 5 of the Dungeon
  6275 | D:5      | Reached skill level 5 in Spellcasting
  6275 | D:5      | Reached XP level 7. HP: 46/49 MP: 0/0
  6275 | D:5      | Learned a level 3 spell: Stone Arrow
  6282 | D:5      | Found a sand-covered staircase.
  6288 | Ossuary  | Entered an ossuary
  6756 | D:5      | Found a broken altar of Ashenzari.
  6989 | D:5      | Reached XP level 8. HP: 52/55 MP: 0/0
  7154 | D:5      | Reached skill level 5 in Fighting
  7154 | D:5      | Reached skill level 5 in Dodging
  7154 | D:5      | Reached skill level 7 in Spellcasting
  7154 | D:5      | Reached XP level 9. HP: 8/65 MP: 0/0
  7154 | D:5      | Learned a level 3 spell: Call Canine Familiar
  7155 | D:5      | Reached skill level 5 in Armour
  7155 | D:5      | Reached XP level 10. HP: 9/73 MP: 0/0
  7155 | D:5      | Killed from afar by a frost-covered statue

Illustrated notes

Levels and vault maps discovered:
D:1:      minmay_arrival_four_houses, layout_basic, minmay_misc_feat_rugged,
          minivault_23
D:2:      layout_loops_ring
D:3:      layout_loops_corners, cheibrodos_sewer_entry_drain
D:4:      layout_loops_ring, serial_co_window_serial, co_window_paths_b,
          co_window_corner_a, co_window_corner_a, co_window_paths_b,
          co_window_paths_a, co_window_paths_a, co_window_corner_a,
          co_window_paths_b, co_window_paths_b, co_window_broadway_c,
          co_window_paths_c, co_window_cross_3, co_window_of_opportunity_b,
          co_window_sun, co_window_4corner_b, glass_columns_a, glass_columns_a,
          glass_columns_b, glass_columns_a, kennysheep_generic_room_8
D:5:      layout_cave_pools, evilmike_ruin_ashenzari, vehumet_statue,
          nicolae_ossuary_entry_giza

Skill      XL: |  1  2  3  4  5  6  7  8  9 |
---------------+----------------------------+-----
Spellcasting   | 3 4 5 7 |  7.6
Fighting       | 1 2 5 6 |  6.4
Stealth        | 2 3 4 |  4.3
Short Blades   | 2 3 |  3.4
Long Blades    | 2 3 |  3.4
Axes           | 2 3 |  3.0
Maces & Flails | 2 |  2.2
Armour         | 4 5 |  5.5
Dodging        | 5 6 |  6.9
Shields        | 3 |  3.9
Evocations     | 3 4 |  4.2

Action                   |  1- 3 |  4- 6 |  7- 9 | 10-12 || total
-------------------------+-------+-------+-------+-------++-------
Melee: Hand axe          |       |       |    10 |       ||    10
       Short sword       |       |       |     1 |       ||     1
 Cast: Foxfire           |    77 |   173 |    41 |       ||   291
       Sticky Flame      |       |     1 |     3 |       ||     4
  Use: Scroll            |       |     4 |       |       ||     4
       Potion            |       |       |     3 |       ||     3
Armor: Robe              |     4 |     4 |     3 |       ||    11
Dodge: Dodged            |    26 |    20 |    11 |       ||    57

Table legend: (Time is in decaauts)
 A = Elapsed time spent in this place.
 B = Non-inter-level travel time spent in this place.
 C = Inter-level travel time spent in this place.
 D = Time resting spent in this place.
 E = Time spent auto-exploring this place.
 F = Levels seen in this place.
 G = Mean time per level.
                   A        B        C        D        E       F      G
               +--------+--------+--------+--------+--------+-----+--------+
         Total |   7157 |   6972 |    185 |    440 |   5606 |   7 | 1022.4 |
       Dungeon |   6185 |   6000 |    185 |    440 |   4759 |   5 | 1237.0 |
         Sewer |    923 |    923 |      0 |      0 |    815 |   1 |  923.0 |
       Ossuary |     48 |     48 |      0 |      0 |     32 |   1 |   48.0 |
               +--------+--------+--------+--------+--------+-----+--------+

Top non-repeatable levels by time:
     D:4: 1756 daAuts
     D:2: 1681 daAuts
     D:3: 1068 daAuts
   Sewer: 923 daAuts
     D:5: 854 daAuts
     D:1: 824 daAuts
 Ossuary: 48 daAuts
